 Dungeon Crawl Stone Soup version 0.31-a0-981-geadf994542 (webtiles) character file.

Game seed: 3232106037805846597

12070 sammy202020 the Protected (level 11, -24/154 HPs)
             Began as an Armataur Berserker on Oct 31, 2023.
             Was a High Priest of Trog.
             Annihilated by an orc warlord
             ... wielding a +4 broad axe
              (36 damage)
             ... in a bailey.
             The game lasted 00:17:35 (10352 turns).

sammy202020 the Protected (Armataur Berserker)     Turns: 10352, Time: 00:17:36

Health: -24/154    AC: 20    Str: 24    XL:     11   Next: 57%
Magic:  9/9        EV:  4    Int:  9    God:    Trog [*****.]
Gold:   206        SH: 15    Dex: 11    Spells: 10/10 levels left

rFire   . . .        g - +0 morningstar (drain)
rCold   . . .        w - +0 tower shield
rNeg    . . .        x - +0 plate armour
rPois   .            u - +1 helmet
rElec   .            a - +0 cloak
rCorr   .            D - +0 pair of gloves
SInv    .            (no barding)
Will    ++...        (no amulet) Stlth
                     A - +4 ring of slaying
HPRegen 1.45/turn    (no ring)
MPRegen 0.11/turn

%: roll
@: berserking, strong-willed, regenerating, very quick
A: large, rugged brown scales 3, deformed body, armoured tail, roll, long
tongue, awkward tongue, iridescent scales 1, low MP 1, passive freeze
a: Renounce Religion, Berserk, Trog's Hand, Brothers in Arms


You were in a bailey.
You worshipped Trog.
Trog was extremely pleased with you.
You visited 1 branch of the dungeon, and saw 10 of its levels.
You also visited: Bailey.

You collected 554 gold pieces.
You spent 348 gold pieces at shops.

Inventory:

Hand Weapons
 g - a +0 morningstar of draining (weapon)
 m - a +3 morningstar
 s - a +5 flail of protection
Armour
 a - a +0 cloak (worn)
 u - a +1 helmet (worn)
 w - a +0 tower shield (worn)
 x - a +0 plate armour (worn)
 D - a +0 pair of gloves (worn)
Jewellery
 z - an amulet of magic regeneration
 A - a +4 ring of slaying (left hand)
Wands
 k - a wand of flame (30)
 q - a wand of polymorph (11)
 t - a wand of iceblast (15)
 y - a wand of mindburst (12)
Scrolls
 c - 4 scrolls of teleportation
 e - 2 scrolls of revelation
 f - a scroll of poison
 i - 2 scrolls of vulnerability
 B - 3 scrolls of identify
 C - 2 scrolls of blinking
 F - a scroll of enchant weapon
 H - a scroll of fear
Potions
 b - 3 potions of mutation
 d - 3 potions of resistance
 h - 3 potions of heal wounds
 j - 2 potions of invisibility
 l - a potion of curing {unknown}
 n - a potion of cancellation {unknown}
 o - a potion of berserk rage
 p - 2 potions of lignification
 r - 2 potions of ambrosia
 v - a potion of haste {unknown}
 E - a potion of magic {unknown}
 G - 2 potions of brilliance {unknown}


   Skills:
 + Level 9.1 Fighting
 + Level 9.1 Maces & Flails
 + Level 11.4 Armour
 - Level 1.5 Dodging
 + Level 10.0 Shields


You had 10 spell levels left.
You didn't know any spells.
Your spell library was empty.

Dungeon Overview and Level Annotations

Branches:
Dungeon (10/15)            Temple (0/1) D:5            Lair (0/5) D:10
 Bailey (1/1)
    Orc: D:9-12

Altars:
Elyvilon
Makhleb
Okawaru
The Shining One

Shops:
D:1 :   D:6 *[?[:   D:8 :

Portals:
Trove: D:10 (give 7 scrolls of fog)


Innate Abilities, Weirdness & Mutations

You are completely covered in rugged brown scales. (AC +3, +7% HP)
Armour fits poorly on your strangely shaped body.
You have a long armoured tail.
You roll when moving toward enemies. (Rampage)
Your long tongue fully drains potion bottles. (2x potion effects)
Your tongue gives you trouble enunciating. (1.5x scroll delay)
You are partially covered in iridescent scales. (AC +2)
Your magical capacity is low. (-10% MP)
A frigid envelope surrounds you and freezes all who hurt you.


Message History

The orc warrior is moderately wounded.
You block the orc knight's attack. You block the orc warlord's attack.
The orc warrior hits you with a +0 hand axe.
The orc warrior is very cold.
The orc warrior is heavily wounded.
Your skin crawls.
You feel strong-willed.
The orc warrior hits you with a +0 war axe!
The orc warrior is very cold.
The orc warrior is moderately wounded.
The orc warrior hits you with a +0 hand axe!
The orc warrior is very cold.
The orc warrior is severely wounded.
The orc knight hits you with a +0 broad axe!!
The orc knight is very cold.
The orc knight is lightly wounded.
You block the orc warrior's attack.
A red film seems to cover your vision as you go berserk!
You feel yourself moving faster!
You feel mighty! You block the orc warrior's attack. x2
The orc knight hits you with a +0 broad axe!
The orc knight is very cold.
The orc knight is lightly wounded.
The orc warrior hits you but does no damage.
The orc warrior is very cold.
The orc warrior is moderately wounded.
The orc warlord hits you with a +4 broad axe!!
* * * LOW HITPOINT WARNING * * *
The orc warlord is very cold.
The orc warlord is lightly wounded.
You feel a strong urge to attack something.
There is an open door here.
You barely miss the orc warlord.
The orc warlord is lightly wounded.
The orc warrior hits you with a +0 war axe!!
* * * LOW HITPOINT WARNING * * *
The orc warrior is very cold.
The orc warrior is heavily wounded.
The orc warlord hits you with a +4 broad axe!!!
You die...

#.......#.........#...)...#
##.....##.........##.)...##
##'####...........####'##
##.....##.........##.....##
#.).)...#.........#.......#
##..))...##...o...##.......##
#.........#..oogg.#.........#
##.........###ooo###.........##
#.....⌠.....###@###.....⌠.....#
##.........##88.88##.........##
#.........#.......#)))......#
##.......##.......##.).....##
#.......')........')).....#
##.....##)........##.....##
#######.....⌠.....#######
##.........## #.........#


You could see an orc warlord (strong), an orc knight (strong), 3 orc warriors,
an orc (strong) and 2 hobgoblins.

Vanquished Creatures
  3 death yaks (D:10)
  A two-headed ogre (D:8)
  The ghost of ojifijod the Severer, a novice MiGl (D:8)
  Pikel (D:6)
  A moth of wrath (D:8)
  Grinder (D:4)
  3 hornets
  A shadow (D:9)
  Eustachio (D:4)
  10 yaks
  Edmund (D:6)
  An acid dragon (D:10)
  3 water moccasins
  Duvessa (D:4)
  4 ice beasts
  An ogre (D:6)
  13 orc warriors
  A sky beast (D:6)
  4 black bears
  A phantom (D:4)
  A centaur (D:9)
  5 kobold brigands
  A bullfrog (D:8)
  9 wights
  Dowan (D:4)
  9 killer bees
  7 howler monkeys
  2 gnoll boudas
  3 hounds
  4 jellies
  6 orc priests
  Crazy Yiuf (D:2)
  2 hell rats (D:10)
  Natasha (thrice) (D:4)
  3 iguanas
  10 orc wizards
  5 adders (D:5)
  20 gnolls
  2 river rats (D:10)
  4 shadow imps
  3 white imps
  A worm (D:2)
  6 dart slugs
  41 orcs
  7 endoplasms
  3 giant cockroaches
  19 goblins
  10 hobgoblins
  3 jackals (D:4)
  11 quokkas
  5 ball pythons
  4 bats
  A frilled lizard (D:3)
  17 kobolds
  5 rats
287 creatures vanquished.

Notes
Turn   | Place    | Note
-------+----------+-------------------------------------------
     0 | D:1      | sammy202020 the Armataur Berserker began the quest for the
                  | Orb.
     0 | D:1      | Reached XP level 1. HP: 19/19 MP: 1/1
   167 | D:1      | Reached XP level 2. HP: 26/26 MP: 2/2
   339 | D:1      | Reached skill level 3 in Armour
   393 | D:1      | Found Tuit's Book Boutique.
  1050 | D:2      | Reached ** piety under Trog
  1220 | D:2      | Reached XP level 3. HP: 33/33 MP: 3/3
  1420 | D:2      | Found a runed translucent door.
  1422 | D:2      | Identified the +2 hammer of Keb Ruf {freeze, rF+++ rC-
                  | Str+3 Int+3}
  1426 | D:2      | Noticed Crazy Yiuf
  1439 | D:2      | Identified the +2 hammer of a volcano {flame, Dex+2}
  1480 | D:2      | Killed Crazy Yiuf
  2099 | D:3      | Reached XP level 4. HP: 32/40 MP: 4/4
  2413 | D:3      | Reached skill level 1 in Shields
  2878 | D:4      | Noticed Eustachio
  2903 | D:4      | Killed Eustachio
  2904 | D:4      | Reached skill level 4 in Armour
  2904 | D:4      | Reached XP level 5. HP: 49/49 MP: 5/5
  2904 | D:4      | Reached XP level 6. HP: 55/55 MP: 6/6
  3190 | D:4      | Noticed Grinder
  3204 | D:4      | Paralysed by Grinder for 4 turns
  3208 | D:4      | Killed Grinder
  3209 | D:4      | Reached skill level 5 in Armour
  3209 | D:4      | Reached XP level 7. HP: 32/64 MP: 7/7
  3230 | D:4      | Reached *** piety under Trog
  3240 | D:4      | Noticed Natasha
  3253 | D:4      | Killed Natasha
  3626 | D:4      | Noticed Dowan
  3627 | D:4      | Noticed Duvessa
  3648 | D:4      | Killed Duvessa
  3649 | D:4      | Killed Dowan
  3660 | D:4      | Noticed Natasha
  3675 | D:4      | Killed Natasha
  3677 | D:4      | Noticed Natasha
  3688 | D:4      | Killed Natasha
  3689 | D:4      | Reached skill level 5 in Fighting
  3689 | D:4      | Reached skill level 5 in Maces & Flails
  3854 | D:5      | Entered Level 5 of the Dungeon
  3953 | D:5      | Reached skill level 6 in Armour
  4056 | D:5      | Reached XP level 8. HP: 72/72 MP: 8/8
  4104 | D:5      | Gained mutation: You are partially covered in iridescent
                  | scales. (AC +2) [potion of mutation]
  4104 | D:5      | Gained mutation: Your magical capacity is low. (-10% MP)
                  | [potion of mutation]
  4104 | D:5      | Gained mutation: A frigid envelope surrounds you and
                  | freezes all who hurt you. [potion of mutation]
  4170 | D:5      | Found a staircase to the Ecumenical Temple.
  4603 | D:6      | Found Jehy Zoq's Antique Armour Emporium.
  4740 | D:6      | Found Ziusm's Assorted Antiques.
  4744 | D:6      | Bought a runed morningstar for 231 gold pieces
  4832 | D:6      | Reached skill level 5 in Shields
  4834 | D:6      | Noticed Edmund
  4841 | D:6      | Killed Edmund
  4842 | D:6      | Reached skill level 7 in Armour
  5030 | D:6      | Found Vifoton's Magic Scroll Shop.
  5074 | D:6      | Found Puttar's Antique Armour Shoppe.
  5075 | D:6      | Noticed Pikel
  5087 | D:6      | Killed Pikel
  5088 | D:6      | Reached XP level 9. HP: 78/80 MP: 8/8
  5109 | D:6      | Found Ypuih's Book Emporium.
  5301 | D:6      | Found a glowing golden altar of the Shining One.
  5371 | D:6      | Reached skill level 8 in Armour
  5762 | D:7      | Reached **** piety under Trog
  6271 | D:7      | Found a burning altar of Makhleb.
  6592 | D:6      | Bought a tower shield for 117 gold pieces
  6713 | D:8      | Found a transporter.
  6733 | D:8      | Noticed a two-headed ogre
  6742 | D:8      | Killed a two-headed ogre
  6743 | D:8      | Reached skill level 9 in Armour
  6743 | D:8      | Reached XP level 10. HP: 56/92 MP: 9/9
  7080 | D:8      | Found a white marble altar of Elyvilon.
  7098 | D:8      | Found Poubeall's Tremendous Tomes.
  7217 | D:8      | Noticed ojifijod's ghost (novice MiGl)
  7220 | D:8      | Noticed a moth of wrath
  7648 | D:8      | Found a transporter.
  7929 | D:8      | Killed a moth of wrath
  7934 | D:8      | Killed ojifijod's ghost
  7935 | D:8      | Reached skill level 10 in Armour
  8830 | D:9      | Reached XP level 11. HP: 66/95 MP: 9/9
  8921 | D:9      | Reached ***** piety under Trog
  9608 | D:10     | Entered Level 10 of the Dungeon
  9618 | D:10     | Noticed a death yak
  9619 | D:10     | Found a staircase to the Lair.
  9619 | D:10     | Noticed a death yak
  9620 | D:10     | Noticed a death yak
  9646 | D:10     | Killed a death yak
  9656 | D:10     | Killed a death yak
  9657 | D:10     | Reached skill level 11 in Armour
  9659 | D:10     | Killed a death yak
  9936 | D:10     | Found an iron altar of Okawaru.
 10060 | D:10     | Found a flagged portal.
 10068 | D:10     | Found a portal to a secret trove of treasure.
 10075 | Bailey   | Entered a bailey
 10178 | Bailey   | Reached skill level 10 in Shields
 10341 | Bailey   | Noticed an orc warlord
 10341 | Bailey   | Noticed an orc knight
 10352 | Bailey   | Annihilated by an orc warlord

Illustrated notes

Levels and vault maps discovered:
D:1:      sevenhm_arrival_forest_fort_large_4, layout_basic, serial_shops, shop,
          serial_bayou_lagoon_a
D:2:      layout_basic, minmay_tripent, uniq_crazy_yiuf_cottage
D:3:      layout_loops_cross, moated_statue
D:4:      wad_woods_tower, layout_loops_ring, uniq_natasha, uniq_grinder,
          uniq_eustachio, uniq_duvessa
D:5:      layout_loops_ring, minmay_temple_entry_statues_pillars,
          blue_anna_alchemist
D:6:      layout_loops_ring, tso_metal_star, serial_shops, nicolae_square_shop,
          shop_fountains, nicolae_shop_dealshenge,
          nicolae_shop_temple_entry_statues_fountains, shop, uniq_edmund,
          uniq_pikel
D:7:      layout_loops_ring, lightli_temple_of_fire, grunt_ministairs_7,
          corner_web_ring, hangedman_decor_peaks_small,
          corexii_leaking_fountain, reono_crystal_passage
D:8:      layout_rooms, mainiacjoe_overflow_boulevard,
          gammafunk_ghost_berserking_beasts, serial_co_window_serial,
          co_window_of_opportunity_a, co_window_paths_a,
          co_window_of_opportunity_a, co_window_paths_a,
          co_window_of_opportunity_a, co_window_corner_b, co_window_paths_c,
          co_window_corner_b, co_window_sun, glass_columns_b, glass_columns_c,
          glass_columns_a, nicolae_shop_i_like_big_books
D:9:      layout_stronghold
D:10:     layout_grid_maze, mainiacjoe_overflow_alcove_4,
          mainiacjoe_overflow_surrounded_room, dpeg_lair_monsters,
          enter_trove_1, enter_bailey_2, minivault_5
Bailey:   bailey_axe_minmay_hex_keep, bailey

Skill      XL: |  1  2  3  4  5  6  7  8  9 10 11 |
---------------+----------------------------------+-----
Armour         | 3 4 5 6 7 9 10 11 | 11.4
Fighting       | 3 4 5 6 7 8 9 |  9.1
Maces & Flails | 3 4 5 6 7 8 9 |  9.1
Shields        | 2 3 4 6 7 9 10 | 10.0
Dodging        | |  1.5

Action                     |  1- 3 |  4- 6 |  7- 9 | 10-12 || total
---------------------------+-------+-------+-------+-------++-------
  Melee: Mace              |    75 |   106 |    87 |       ||   268
         Tailslap          |     7 |     6 |    24 |    38 ||    75
         Morningstar       |       |       |   158 |   268 ||   426
 Invoke: Berserk           |       |     3 |     6 |     3 ||    12
         Trog's Hand       |       |       |     1 |     3 ||     4
    Use: Scroll            |     3 |     5 |     9 |     1 ||    18
         Potion            |       |       |     2 |     1 ||     3
   Stab: Distracted        |       |       |     1 |       ||     1
 Armour: Animal skin       |    12 |       |       |       ||    12
         Scale mail        |    34 |   156 |   124 |       ||   314
         Chain mail        |       |       |    81 |    16 ||    97
         Plate armour      |       |       |       |   226 ||   226
  Dodge: Dodged            |    23 |    57 |    77 |    31 ||   188
  Block: Buckler           |       |    24 |    51 |       ||    75
         Tower shield      |       |       |     3 |   271 ||   274

Table legend: (Time is in decaauts)
 A = Elapsed time spent in this place.
 B = Non-inter-level travel time spent in this place.
 C = Inter-level travel time spent in this place.
 D = Time resting spent in this place.
 E = Time spent auto-exploring this place.
 F = Levels seen in this place.
 G = Mean time per level.
                   A        B        C        D        E       F      G
               +--------+--------+--------+--------+--------+-----+--------+
         Total |  10610 |  10333 |    277 |   1093 |   7360 |  11 |  964.5 |
       Dungeon |  10321 |  10044 |    277 |   1093 |   7160 |  10 | 1032.1 |
        Bailey |    288 |    288 |      0 |      0 |    200 |   1 |  288.0 |
               +--------+--------+--------+--------+--------+-----+--------+

Top non-repeatable levels by time:
     D:9: 1529 daAuts
     D:8: 1443 daAuts
     D:7: 1171 daAuts
     D:4: 1127 daAuts
     D:1: 1016 daAuts
     D:6: 977 daAuts
     D:2: 934 daAuts
     D:3: 867 daAuts
     D:5: 768 daAuts
    D:10: 487 daAuts
  Bailey: 288 daAuts
